 Dungeon Crawl Stone Soup version 0.30.0-15-g856e2d3f33 (webtiles) character file.

Game seed: 9515968371410283475

2942 qw the Cleaver (level 9, -6/57 HPs)
             Began as a Gargoyle Fighter on May 18, 2023.
             Was a Follower of Okawaru.
             Mangled by a death knight
             ... wielding a +2 halberd
              (26 damage)
             ... on level 9 of the Dungeon.
             The game lasted 00:04:52 (7360 turns).

qw the Cleaver (Gargoyle Fighter)                   Turns: 7360, Time: 00:04:53

Health: -6/57      AC: 25    Str: 23    XL:     9   Next: 80%
Magic:  11/12      EV:  8    Int: 13    God:    Okawaru [*.....]
Gold:   352        SH:  5    Dex:  8    Spells: 8/8 levels left

rFire   + . .        Y - +0 war axe
rCold   . . .        c - +0 buckler
rNeg    + . .        h - +0 plate armour
rPois   inf          f - +0 helmet
rElec   +            a - +0 cloak
rCorr   .            m - +0 pair of gloves
SInv    +            (no boots)
Will    .....        (no amulet) Stlth
                     e - ring of see invisible
HPRegen 0.29/turn    n - ring of protection from fire
MPRegen 0.13/turn

%: clarity
@: heroic
A: sickness immunity, AC +6, negative energy resistance 1, electricity
resistance, torment resistance 1, petrification resistance, clarity, clever 1
a: Renounce Religion, Heroism


You were on level 9 of the Dungeon.
You worshipped Okawaru.
Okawaru was aware of your devotion.
You visited 2 branches of the dungeon, and saw 10 of its levels.

You collected 352 gold pieces.


Innate Abilities, Weirdness & Mutations

You are immune to sickness and miasma.
Your stone body is resilient. (AC +6)
You are immune to poison.
You resist negative energy. (rN+)
You are resistant to electric shocks. (rElec)
You are resistant to unholy torment.
You are immune to petrification.
You possess an exceptional clarity of mind.
Your mind is acute. (Int +4, Str/Dex -1)


   Skills:
 - Level 7.1(12.1) Fighting
 + Level 9.2(14.2) Axes
 - Level 1.0(6.0) Throwing
 - Level 6.0(11.0) Armour
 - Level 1.0(6.0) Dodging
 - Level 4.0(9.0) Shields
 - Level 4.2 Invocations


You had 8 spell levels left.
You didn't know any spells.
Your spell library was empty.

Inventory:

Hand Weapons
 u - a +2 flail of holy wrath
 Y - a +0 war axe (weapon)
Missiles
 s - 2 boomerangs (quivered)
Armour
 a - a +0 cloak (worn)
 c - a +0 buckler (worn)
 f - a +0 helmet (worn)
 h - a +0 plate armour (worn)
 m - a +0 pair of gloves (worn)
Jewellery
 e - a ring of see invisible (left hand)
 n - a ring of protection from fire (right hand)
 r - a ring of ice
Scrolls
 l - a scroll of identify
 p - a scroll of fog {unknown}
Potions
 b - 2 potions of mutation
 d - 3 potions of might
 g - 2 potions of haste
 i - 3 potions of attraction
 j - 4 potions of curing
 k - 6 potions of heal wounds
 o - a potion of resistance {unknown}
 q - a potion of lignification {unknown}

Dungeon Overview and Level Annotations

Branches:
Dungeon (9/15)             Temple (1/1) D:6
   Lair: D:8-11         Orc: D:9-12

Altars:
Ashenzari
Cheibriados
Dithmenos
Elyvilon
Gozag
Hepliaklqana
Kikubaaqudgha
Makhleb
Nemelex Xobeh
Okawaru
Ru
Trog
Uskayaw
Vehumet
Wu Jian
Xom
Yredelemnul
Zin

Annotations:
D:3 1 runed translucent door, Natasha; qw's ghost, amateur GrCA
D:5 1 runed translucent door, qw's ghost, novice GrCA


Message History

You hit the yak.
The yak is severely wounded.
You block the yak's attack.
You slash the yak!
The yak is almost dead.
The yak gores you!
You hit the yak.
You kill the yak!
Okawaru accepts your kill.
Your Fighting skill increases to level 7!
You start resting.
A death knight is nearby!
The death knight mumbles some strange prayers to Yredelemnul against you.
Your body is wracked with pain!
You see here a yak corpse.
7352 ||| INVOKING Heroism.
You gain the combat prowess of a mighty hero.
The death knight hits you from afar with a +2 halberd.
The death knight hits you with a +2 halberd.
You hit the death knight but do no damage.
The death knight hits you but does no damage.
You hit the death knight.
The death knight is lightly wounded.
The death knight closely misses you.
You hit the death knight but do no damage.
The death knight is lightly wounded.
The death knight hits you with a +2 halberd.
You hit the death knight.
The death knight is lightly wounded.
The death knight hits you with a +2 halberd.
You slash the death knight!
The death knight is moderately wounded.
You slice the death knight!!
The death knight is heavily wounded.
The death knight invokes the aid of Yredelemnul against you.
Your body is wracked with pain!
You closely miss the death knight.
The death knight is heavily wounded.
The death knight hits you with a +2 halberd!!
You die...

#.#.#######.# #.#.# #.#
#.### #.#.#^^^ #.[.#
#.#.#########.###
#.#.'....^+?#...#
######.#.#########.#.####
#........# ยค^ #.........
#....###%# .# #.........
#....# #@#######.....####
#....###.p...........#
#............####....#
#............####....#
#....................#
#......................
#.......................
#...........####+###....
#>..........# ####


You could see a death knight.

Vanquished Creatures
  Pikel (D:7)
  Grinder (D:3)
  A yak (D:9)
  Eustachio (D:5)
  A steam dragon (D:8)
  3 water moccasins
  3 ice beasts
  A sky beast (D:7)
  A black bear (D:6)
  A centaur (D:6)
  3 lemures (D:7)
  A gnoll sergeant (D:8)
  3 scorpions
  3 howler monkeys (D:8)
  2 jellies
  3 orc priests (D:7)
  A sleepcap (D:7)
  Natasha (twice) (D:3)
  4 orc wizards
  3 iguanas
  Robin (D:2)
  5 gnolls (D:8)
  9 adders
  A white imp (D:5)
  2 ufetubi
  A worm (D:2)
  3 dart slugs
  28 orcs
  3 endoplasms
  9 goblins
  16 hobgoblins
  9 jackals
  4 quokkas
  5 ball pythons
  6 bats
  5 frilled lizards
  8 kobolds
  5 rats (D:2)
159 creatures vanquished.

Vanquished Creatures (others)
  An adder (D:3)
1 creature vanquished.

Grand Total: 160 creatures vanquished

Notes
Turn   | Place    | Note
-------+----------+-------------------------------------------
     0 | D:1      | qw the Gargoyle Fighter began the quest for the Orb.
     0 | D:1      | Reached XP level 1. HP: 14/14 MP: 1/1
     0 | D:1      | 0 ||| qw: Version: 0.2-a-96-gf055678
     0 | D:1      | 0 ||| qw: Game counter: 79
     0 | D:1      | 0 ||| qw: Always use a shield: true
     0 | D:1      | 0 ||| qw: God list: Okawaru
     0 | D:1      | 0 ||| qw: Allow faded altars: false
     0 | D:1      | 0 ||| qw: Do Orc after D:15 true
     0 | D:1      | 0 ||| qw: Do second Lair branch before Depths: true
     0 | D:1      | 0 ||| qw: Lair rune preference: random
     0 | D:1      | 0 ||| qw: Plans: Normal, Zot:1-4, God:TSO, Crypt, Tomb,
                  | Pan, Slime:5, Hells, Abyss, Win
     0 | D:1      | 0 ||| PLANNING D:1-11
    41 | D:1      | 41 ||| Stepping ~*~*~tactically~*~*~ (hiding).
    42 | D:1      | 42 ||| Stepping ~*~*~tactically~*~*~ (hiding).
   211 | D:1      | Reached skill level 2 in Axes
   231 | D:1      | 231 ||| Stepping ~*~*~tactically~*~*~ (stealth).
   376 | D:1      | Reached XP level 2. HP: 19/19 MP: 2/2
   571 | D:1      | 571 ||| DROPPING amulet of faith.
   572 | D:1      | 572 ||| READING scroll labelled LENKOD QEGE.
   573 | D:1      | 573 ||| READING scroll labelled LYSOUWKANKY.
   574 | D:1      | 574 ||| DRINKING 3 yellow potions.
   639 | D:2      | Reached skill level 3 in Axes
   639 | D:2      | Reached XP level 3. HP: 15/23 MP: 3/3
   689 | D:2      | 689 ||| READING 3 scrolls labelled NENUAS KYARU.
   690 | D:2      | 690 ||| DROPPING 2 scrolls of vulnerability.
   736 | D:2      | Found a sacrificial altar of Ru.
   793 | D:2      | Reached XP level 4. HP: 28/28 MP: 4/4
   819 | D:2      | 819 ||| Stepping ~*~*~tactically~*~*~ (stealth).
   820 | D:2      | 820 ||| Stepping ~*~*~tactically~*~*~ (stealth).
   857 | D:2      | 857 ||| Stepping ~*~*~tactically~*~*~ (stealth).
   860 | D:2      | 860 ||| Stepping ~*~*~tactically~*~*~ (stealth).
   893 | D:2      | Reached skill level 4 in Axes
  1186 | D:2      | 1186 ||| UPGRADING to +0 cloak.
  1191 | D:2      | 1191 ||| UPGRADING to ring of see invisible.
  1192 | D:2      | 1192 ||| READING scroll labelled PAMOTY AXTY.
  1192 | D:2      | Noticed Robin
  1193 | D:2      | 1193 ||| READING scroll labelled OMEUNI GUESTI.
  1194 | D:2      | 1194 ||| DRINKING 2 purple potions.
  1195 | D:2      | 1195 ||| DRINKING 3 brown potions.
  1357 | D:2      | Killed Robin
  1358 | D:2      | Reached XP level 5. HP: 28/32 MP: 5/5
  1442 | D:2      | 1442 ||| UPGRADING to +0 helmet.
  1447 | D:2      | 1447 ||| UPGRADING to +0 chain mail.
  1457 | D:2      | 1457 ||| DROPPING +0 scale mail.
  1458 | D:2      | 1458 ||| READING 2 scrolls of identify.
  1458 | D:2      | 1458 ||| IDENTIFYING puce potion
  1459 | D:2      | 1459 ||| DROPPING potion of invisibility.
  1496 | D:3      | Noticed Grinder
  1501 | D:3      | Paralysed by Grinder for 2 turns
  1510 | D:3      | Killed Grinder
  1511 | D:3      | Reached skill level 6 in Axes
  1511 | D:3      | Reached XP level 6. HP: 21/37 MP: 6/6
  1584 | D:3      | 1584 ||| Stepping ~*~*~tactically~*~*~ (hiding).
  1640 | D:3      | Found a radiant altar of Vehumet.
  1911 | D:3      | Found an ornate altar of the Wu Jian Council.
  1947 | D:3      | 1947 ||| Stepping ~*~*~tactically~*~*~ (stealth).
  1948 | D:3      | 1948 ||| Stepping ~*~*~tactically~*~*~ (stealth).
  1962 | D:3      | 1962 ||| Stepping ~*~*~tactically~*~*~ (stealth).
  1994 | D:3      | 1994 ||| Stepping ~*~*~tactically~*~*~ (stealth).
  2086 | D:3      | Found a runed translucent door.
  2087 | D:3      | Noticed qw's ghost (amateur GrCA)
  2107 | D:3      | Noticed Natasha
  2108 | D:3      | 2108 ||| Stepping ~*~*~tactically~*~*~ (hiding).
  2114 | D:3      | Killed Natasha
  2457 | D:3      | 2457 ||| DROPPING +0 club.
  2520 | D:3      | 2520 ||| Stepping randomly (stuck).
  2522 | D:3      | 2522 ||| Stepping randomly (stuck).
  2523 | D:3      | 2523 ||| Stepping randomly (stuck).
  2532 | D:3      | 2532 ||| Stepping randomly (stuck).
  2545 | D:3      | 2545 ||| Stepping randomly (stuck).
  2546 | D:3      | 2546 ||| Stepping randomly (stuck).
  2547 | D:3      | 2547 ||| Stepping randomly (stuck).
  2548 | D:3      | 2548 ||| Stepping randomly (stuck).
  2549 | D:3      | 2549 ||| Stepping randomly (stuck).
  2550 | D:3      | 2550 ||| Stepping randomly (stuck).
  2551 | D:3      | 2551 ||| Stepping randomly (stuck).
  2552 | D:3      | 2552 ||| Stepping randomly (stuck).
  2553 | D:3      | 2553 ||| Stepping randomly (stuck).
  2554 | D:3      | 2554 ||| Stepping randomly (stuck).
  2555 | D:3      | 2555 ||| Stepping randomly (stuck).
  2556 | D:3      | 2556 ||| Stepping randomly (stuck).
  2558 | D:3      | 2558 ||| Stepping randomly (stuck).
  2559 | D:3      | 2559 ||| Stepping randomly (stuck).
  2560 | D:3      | 2560 ||| Stepping randomly (stuck).
  2561 | D:3      | 2561 ||| Stepping randomly (stuck).
  2562 | D:3      | 2562 ||| Stepping randomly (stuck).
  2563 | D:3      | 2563 ||| Stepping randomly (stuck).
  2564 | D:3      | 2564 ||| Stepping randomly (stuck).
  2566 | D:3      | 2566 ||| Stepping randomly (stuck).
  2567 | D:3      | 2567 ||| Stepping randomly (stuck).
  2646 | D:3      | 2646 ||| PLANNING D:1-11
  2658 | D:3      | Noticed Natasha
  2663 | D:3      | Killed Natasha
  2664 | D:3      | Reached skill level 1 in Dodging
  2742 | D:3      | Noticed Natasha
  2743 | D:3      | 2743 ||| READING 3 scrolls labelled CAUHOCW CEGE.
  2744 | D:3      | 2744 ||| READING scroll labelled GUIDWU UREW.
  2745 | D:3      | 2745 ||| DROPPING 2 scrolls of summoning.
  2945 | D:4      | Reached XP level 7. HP: 43/43 MP: 7/7
  2956 | D:4      | 2956 ||| Stepping ~*~*~tactically~*~*~ (stealth).
  2957 | D:4      | 2957 ||| Stepping ~*~*~tactically~*~*~ (stealth).
  2959 | D:4      | 2959 ||| Stepping ~*~*~tactically~*~*~ (stealth).
  2960 | D:4      | 2960 ||| Stepping ~*~*~tactically~*~*~ (stealth).
  2961 | D:4      | 2961 ||| Stepping ~*~*~tactically~*~*~ (stealth).
  2963 | D:4      | 2963 ||| Stepping ~*~*~tactically~*~*~ (stealth).
  3000 | D:4      | 3000 ||| Stepping ~*~*~tactically~*~*~ (hiding).
  3269 | D:4      | Found an opulent altar of Gozag.
  3273 | D:4      | 3273 ||| Stepping ~*~*~tactically~*~*~ (stealth).
  3512 | D:4      | 3512 ||| DROPPING +6 ring of intelligence.
  3513 | D:4      | 3513 ||| DRINKING 2 green potions.
  3514 | D:4      | 3514 ||| DRINKING 2 inky potions.
  3618 | D:4      | 3618 ||| DROPPING potion of flight.
  3619 | D:4      | 3619 ||| DROPPING potion of berserk rage.
  3631 | D:5      | Entered Level 5 of the Dungeon
  3698 | D:5      | Reached skill level 7 in Axes
  3793 | D:5      | 3793 ||| Stepping ~*~*~tactically~*~*~ (stealth).
  3916 | D:5      | Noticed Eustachio
  3947 | D:5      | Killed Eustachio
  4103 | D:5      | Found a runed translucent door.
  4103 | D:5      | Noticed qw's ghost (novice GrCA)
  4103 | D:5      | Noticed a yak
  4640 | D:5      | 4640 ||| READING scroll labelled MUISSISU WILL.
  4641 | D:5      | 4641 ||| READING 2 scrolls labelled ZUJIFF MOBE.
  4673 | D:5      | 4673 ||| READING scroll labelled IPHIWU UFEO.
  4674 | D:5      | 4674 ||| READING 3 scrolls of identify.
  4674 | D:5      | 4674 ||| IDENTIFYING blue potion
  4675 | D:5      | 4675 ||| DROPPING scroll of torment.
  4676 | D:5      | 4676 ||| DROPPING potion of brilliance.
  4726 | D:6      | Reached XP level 8. HP: 45/49 MP: 8/8
  4772 | D:6      | Found a staircase to the Ecumenical Temple.
  4773 | D:6      | 4773 ||| PLANNING TEMPLE
  4781 | Temple   | Entered the Ecumenical Temple
  4804 | Temple   | 4804 ||| PLANNING OKAWARU WORSHIP
  4887 | Temple   | Became a worshipper of Warmaster Okawaru
  4887 | Temple   | 4887 ||| PLANNING D:1-11
  5122 | D:6      | Reached skill level 8 in Axes
  5398 | D:6      | Reached * piety under Okawaru
  5487 | D:6      | 5487 ||| UPGRADING to +0 plate armour.
  5497 | D:6      | 5497 ||| DROPPING +0 chain mail.
  5498 | D:6      | 5498 ||| UPGRADING to ring of protection from fire.
  5499 | D:6      | 5499 ||| DRINKING 2 bubbling ruby potions.
  5499 | D:6      | Gained mutation: Your mind is acute. (Int +4, Str/Dex -1)
                  | [potion of mutation]
  5499 | D:6      | Gained mutation: You possess an exceptional clarity of
                  | mind. [potion of mutation]
  5500 | D:6      | 5500 ||| READING 2 scrolls of identify.
  5500 | D:6      | 5500 ||| IDENTIFYING pink potion
  5613 | D:7      | Reached skill level 1 in Invocations
  5657 | D:7      | 5657 ||| Stepping ~*~*~tactically~*~*~ (stealth).
  5661 | D:7      | 5661 ||| INVOKING Heroism.
  5677 | D:7      | Reached skill level 6 in Fighting
  5680 | D:7      | 5680 ||| Stepping ~*~*~tactically~*~*~ (stealth).
  5688 | D:7      | 5688 ||| INVOKING Heroism.
  5801 | D:7      | 5801 ||| DROPPING +0 mace.
  5840 | D:7      | 5840 ||| Stepping ~*~*~tactically~*~*~ (hiding).
  5845 | D:7      | 5845 ||| Stepping ~*~*~tactically~*~*~ (hiding).
  5858 | D:7      | Reached skill level 3 in Invocations
  6013 | D:7      | Reached XP level 9. HP: 44/55 MP: 11/11
  6059 | D:7      | 6059 ||| Stepping ~*~*~tactically~*~*~ (stealth).
  6064 | D:7      | Noticed Pikel
  6065 | D:7      | 6065 ||| INVOKING Heroism.
  6087 | D:7      | 6087 ||| INVOKING Heroism.
  6091 | D:7      | Killed Pikel
  6092 | D:7      | Reached skill level 9 in Axes
  6260 | D:7      | 6260 ||| UPGRADING to +0 pair of gloves.
  6265 | D:7      | 6265 ||| READING scroll labelled KIT WUMPUBB.
  6305 | D:8      | 6305 ||| INVOKING Heroism.
  6480 | D:8      | 6480 ||| Stepping ~*~*~tactically~*~*~ (stealth).
  6481 | D:8      | 6481 ||| Stepping ~*~*~tactically~*~*~ (stealth).
  6482 | D:8      | 6482 ||| Stepping ~*~*~tactically~*~*~ (hiding).
  6485 | D:8      | 6485 ||| Stepping ~*~*~tactically~*~*~ (hiding).
  6486 | D:8      | 6486 ||| Stepping ~*~*~tactically~*~*~ (hiding).
  6487 | D:8      | 6487 ||| Stepping ~*~*~tactically~*~*~ (hiding).
  6488 | D:8      | 6488 ||| Stepping ~*~*~tactically~*~*~ (hiding).
  6587 | D:8      | 6587 ||| Stepping ~*~*~tactically~*~*~ (hiding).
  6588 | D:8      | 6588 ||| Stepping ~*~*~tactically~*~*~ (hiding).
  6590 | D:8      | 6590 ||| Stepping ~*~*~tactically~*~*~ (hiding).
  6591 | D:8      | 6591 ||| Stepping ~*~*~tactically~*~*~ (hiding).
  6758 | D:8      | 6758 ||| Stepping ~*~*~tactically~*~*~ (hiding).
  6769 | D:8      | Reached skill level 1 in Throwing
  6776 | D:8      | 6776 ||| Stepping ~*~*~tactically~*~*~ (hiding).
  6807 | D:8      | Reached skill level 6 in Armour
  6852 | D:8      | 6852 ||| INVOKING Heroism.
  6869 | D:8      | 6869 ||| DROPPING +0 flail.
  7136 | D:8      | 7136 ||| INVOKING Heroism.
  7217 | D:8      | 7217 ||| READING scroll labelled JOLAIL UPUN.
  7268 | D:9      | Found a white marble altar of Elyvilon.
  7330 | D:9      | Noticed a death knight
  7352 | D:9      | 7352 ||| INVOKING Heroism.
  7360 | D:9      | Mangled by a death knight

Levels and vault maps discovered:
D:1:      lightli_arrival_windingriver, layout_rooms,
          corexii_item_surrounded_by_moat, minivault_27
D:2:      layout_rooms, basic_altar, minmay_joined_circles, uniq_robin
D:3:      layout_basic, fiery_altar_vehumet, nicolae_wu_jian_wuxing_cycle,
          hellmonk_ghost_happy_afterlife, minmay_puff, uniq_natasha,
          uniq_grinder
D:4:      layout_basic, grunt_gozag_breadcrumbs
D:5:      layout_rooms, serial_co_window_serial, co_window_corner_a,
          co_window_paths_a, co_window_of_opportunity_a, co_window_paths_a,
          co_window_paths_b, co_window_corner_a, co_window_corner_cb,
          co_window_2corner, co_window_broadway_a, co_window_4corner_a,
          glass_columns_a, glass_columns_a, glass_columns_c,
          ebering_ghost_inner_flame, uniq_eustachio
D:6:      layout_rooms, minmay_temple_entry_statues_fountains, hex_tiny
D:7:      layout_basic, uniq_pikel
D:8:      layout_gridville, nicolae_titane
D:9:      layout_stronghold, nicolae_overflow_hidden_temple, serial_shops, shop,
          grunt_tough_drop
Temple:   jpeg_temple_clearing

Skill      XL: |  1  2  3  4  5  6  7  8  9 |
---------------+----------------------------+-----
Axes           | 2 3 4 6 7 8 9 |  9.2
Fighting       | 4 5 6 7 |  7.1
Dodging        | 1 |  1.0
Armour         | 5 6 |  6.0
Invocations    | 3 4 |  4.2
Throwing       | 1 |  1.0
Shields        | 4 |  4.0

Action                     |  1- 3 |  4- 6 |  7- 9 || total
---------------------------+-------+-------+-------++-------
  Melee: War axe           |    98 |   158 |   303 ||   559
  Throw: Boomerang         |       |     9 |    19 ||    28
 Invoke: Heroism           |       |       |     8 ||     8
    Use: Scroll            |     3 |     5 |     7 ||    15
         Potion            |     1 |     2 |     3 ||     6
 Armour: Scale mail        |    60 |    35 |       ||    95
         Chain mail        |       |    48 |    81 ||   129
         Plate armour      |       |       |   136 ||   136
  Dodge: Dodged            |    58 |    59 |    99 ||   216
  Block: Buckler           |    26 |    30 |    46 ||   102

Table legend:
 A = Non-vault XP
 B = Vault XP
 C = Vault XP percentage of total XP
 D = Non-vault monster count
 E = Vault monster count
 F = Vault count percentage of total count
                 A         B        C        D         E       F
            +---------+---------+-------+---------+---------+-------
      Total |    2797 |    1406 |  33.5 |     118 |      38 |  24.4
            +---------+---------+-------+---------+---------+-------
        D:1 |      15 |       0 |   0.0 |       8 |       0 |   0.0
        D:2 |      76 |      78 |  50.6 |      24 |      29 |  54.7
        D:3 |      91 |     339 |  78.8 |      19 |       6 |  24.0
        D:4 |     210 |       0 |   0.0 |      12 |       0 |   0.0
        D:5 |     187 |     197 |  51.3 |       6 |       1 |  14.3
        D:6 |     642 |       0 |   0.0 |       9 |       0 |   0.0
        D:7 |     617 |     593 |  49.0 |      13 |       1 |   7.1
        D:8 |     959 |       0 |   0.0 |      27 |       0 |   0.0
        D:9 |       0 |     199 | 100.0 |       0 |       1 | 100.0
            +---------+---------+-------+---------+---------+-------
